 Dungeon Crawl Stone Soup version 0.25-a0-571-gb5e01bddfa (webtiles) character file.

Game seed: 6963280097128297055, levelgen mode: deterministic

82 Eurus the Conjurer (level 4, -1/31 HPs)
             Began as a Mummy Conjurer on Feb 29, 2020.
             Slain by a river rat (4 damage)
             ... on level 2 of the Dungeon.
             The game lasted 00:05:03 (2070 turns).

Eurus the Conjurer (Mummy Conjurer)                 Turns: 2070, Time: 00:05:04

Health: -1/31      AC:  2    Str: 11    XL:     4   Next: 21%
Magic:  1/9        EV: 12    Int: 15    God:
Gold:   97         SH:  0    Dex: 12    Spells: 7/10 levels left

rFire    x . .     SeeInvis .   e - +0 dagger
rCold    + . .     Gourm    .   (no shield)
rNeg     + + +     Faith    .   a - +0 robe
rPois    ∞         Spirit   .   (no helmet)
rElec    .         Reflect  .   (no cloak)
rCorr    .         Harm     .   (no gloves)
MR       .....                  (no boots)
Stlth    ++........             (no amulet)
HPRegen  0.10/turn              (no ring)
MPRegen  0.11/turn              (no ring)

@: no status effects
A: no food or potions, fire vulnerability, cold resistance 1, negative energy
resistance 3, torment resistance, unbreathing
a: no special abilities


You were on level 2 of the Dungeon.
You were not hungry.

You visited 1 branch of the dungeon, and saw 3 of its levels.

You collected 97 gold pieces.

Inventory:

Hand Weapons
 e - a +0 dagger (weapon)
Armour
 a - a +0 robe (worn)
 b - a +0 buckler
Wands
 f - a wand of enslavement (12)
Scrolls
 d - 3 scrolls of identify {unknown}
 g - a scroll of blinking {unknown}
 h - a scroll of noise {unknown}
 i - a scroll of fear {unknown}


   Skills:
 - Level 0.3 Fighting
 - Level 1.5 Dodging
 - Level 1.5 Stealth
 * Level 2.1 Shields
 + Level 3.6 Spellcasting
 + Level 3.6 Conjurations


You had 7 spell levels left.
You knew the following spells:

 Your Spells              Type           Power        Failure   Level  Hunger
a - Magic Dart            Conj           ##..         4%          1    N/A
b - Searing Ray           Conj           ##....       6%          2    N/A

Your spell library contained the following spells:

 Spells                   Type           Power        Failure   Level  Hunger
 Dazzling Flash           Conj/Hex       #.....       26%         3    N/A
 Fulminant Prism          Conj/Hex       #.........   65%         4    N/A
 Iskenderun's Mystic Bla  Conj/Tloc      #.......     65%         4    N/A

Dungeon Overview and Level Annotations

Branches:
Dungeon (3/15)

Altars:


Innate Abilities, Weirdness & Mutations

You do not eat or drink.
Your flesh is vulnerable to fire.
You are immune to poison.
Your flesh is cold resistant. (rC+)
You are immune to negative energy. (rN+++)
You are immune to unholy pain and torment.
You can survive without breathing.


Message History

The river rat is heavily wounded.
The river rat barely misses you.
Casting: Magic Dart (safe; 4% risk of failure)
Confirm with . or Enter, or press ? or * to list all spells.
You don't have enough magic to cast that spell.
Unknown command.
You closely miss the river rat.
The river rat is heavily wounded.
The river rat barely misses you.
You hit the river rat but do no damage.
The river rat is heavily wounded.
The river rat bites you!
You hit the river rat but do no damage.
The river rat is heavily wounded.
The river rat bites you!
* * * LOW HITPOINT WARNING * * *
You hit the river rat but do no damage.
The river rat is moderately wounded.
The river rat bites you.
You die...

....####### ##.....#
..........####### #..#...#
#...#####!......#####.†....#
#.....# #..####.......##...#
#...#.# ##..# ##....####...#
##....# ##.# #.#.....#####
##...# #.## #.#.###.....#
##..>## #..###.r.# #####.#
##.....# ##....@##### ##.#
.....#.# ###<..#...# #..#
.#.....########.....#####.##
##.##...........##........#
#..##...######..##.####..##
#.#.........##..#..# #...#
....##....#.##..#.## #..##
...####.#.#.##..#.# ##.##
.######.#.#....##.###..#


You could see a river rat.

Vanquished Creatures
  2 adders (D:2)
  2 worms
  3 dart slugs
  A leopard gecko (D:2)
  3 orcs (D:2)
  7 bats
  2 giant cockroaches
  7 goblins
  6 hobgoblins
  7 kobolds
  A quokka (D:2)
  A ball python (D:1)
  5 frilled lizards
  4 rats
51 creatures vanquished.

Notes
Turn   | Place    | Note
-------+----------+-------------------------------------------
     0 | D:1      | Eurus the Mummy Conjurer began the quest for the Orb.
     0 | D:1      | Reached XP level 1. HP: 13/13 MP: 4/4
   161 | D:1      | Reached XP level 2. HP: 20/20 MP: 1/6
   165 | D:1      | Learned a level 2 spell: Searing Ray
   524 | D:1      | Reached skill level 1 in Shields
   937 | D:2      | Reached XP level 3. HP: 25/25 MP: 3/7
  1624 | D:2      | Reached XP level 4. HP: 31/31 MP: 9/9
  2070 | D:2      | Slain by a river rat

Levels and vault maps discovered:
D:1:      evilmike_arrival_crescent, layout_basic, minivault_27
D:2:      layout_rooms, first_ration, minmay_unequal
D:3:      layout_loops_ring, lightli_sewer_entry_pipes, serial_co_window_serial,
          co_window_corner_a, co_window_corner_a, co_window_corner_a,
          co_window_corner_a, co_window_paths_a, co_window_corner_b,
          co_window_unsneaky_path_e, co_window_unsneaky_path_d,
          co_window_corner_ca, co_window_4corner_a, glass_columns_a,
          glass_columns_a, glass_columns_b

Skill      XL: |  1  2  3  4 |
---------------+-------------+-----
Spellcasting   | 3 |  3.6
Shields        | 1 2 |  2.1
Fighting       | |  0.3
Dodging        | |  1.5
Stealth        | |  1.5
Conjurations   | |  3.6

Action                   |  1- 3 |  4- 6 || total
-------------------------+-------+-------++-------
Melee: Unarmed           |     6 |       ||     6
       Club              |     5 |       ||     5
       Dagger            |    25 |    36 ||    61
 Cast: Magic Dart        |    56 |    16 ||    72
       Searing Ray       |     4 |     1 ||     5
  Use: Scroll            |       |     1 ||     1
 Stab: Sleeping          |     1 |       ||     1
Armor: Robe              |     6 |     6 ||    12
Dodge: Dodged            |    25 |    26 ||    51

Table legend:
 A = Non-vault XP
 B = Vault XP
 C = Vault XP percentage of total XP
 D = Non-vault monster count
 E = Vault monster count
 F = Vault count percentage of total count
                 A         B        C        D         E       F
            +---------+---------+-------+---------+---------+-------
      Total |     110 |       8 |   6.8 |      48 |       3 |   5.9
            +---------+---------+-------+---------+---------+-------
        D:1 |      38 |       0 |   0.0 |      23 |       0 |   0.0
        D:2 |      68 |       3 |   4.2 |      22 |       2 |   8.3
        D:3 |       4 |       5 |  55.6 |       3 |       1 |  25.0
            +---------+---------+-------+---------+---------+-------
